 Dungeon Crawl Stone Soup version 0.26.1-11-gd32895ea62 (webtiles) character file.

Game seed: 15711911165417955027

676674 raph the Phalangite (level 27, -3/249 HPs)
             Began as a Minotaur Fighter on Apr 22, 2021.
             Was the Champion of Nemelex Xobeh.
             Killed from afar by an orb of fire (35 damage)
             ... with a fireball
             ... on level 5 of the Realm of Zot on Apr 23, 2021.
             The game lasted 03:12:46 (94500 turns).

raph the Phalangite (Minotaur Fighter)             Turns: 94500, Time: 03:12:47

Health: -3/249     AC: 39    Str: 32      XL:     27
Magic:  33/34      EV: 29    Int:  9 (11) God:    Nemelex Xobeh [******]
Gold:   4585       SH:  0    Dex: 34      Spells: 32/42 levels left

rFire    + . .     SeeInvis +   a - +6 bardiche (freeze)
rCold    + . .     Faith    .   (shield currently unavailable)
rNeg     . . .     Spirit   .   E - +10 plate armour {rF+}
rPois    +         Reflect  .   v - +0 hat of the Devil's Team {*Corrode rPois Dex+6}
rElec    .         Harm     .   R - +0 cloak of the Past {Str+4 Int+3 Dex+4} (curse)
rCorr    .         Rampage  .   T - +2 pair of gloves {Dex+3}
Will     +++..                  X - +2 pair of boots
Stlth    ..........             o - amulet of regeneration
HPRegen  0.91/turn              W - ring "Cofyp" {Will+ Slay+3}
MPRegen  0.24/turn              V - ring "Afuix" {rPois Int+3 Dex+7 SInv}

@: mighty, wereblooded
A: retaliatory headbutt, horns 2, blurry vision 1, clumsy 1, cold resistance 1,
deterioration 1
}: 3/15 runes: barnacled, silver, gossamer
a: Renounce Religion, Draw Escape, Draw Destruction, Draw Summoning, Draw Stack,
Triple Draw, Deal Four, Stack Five


You were on level 5 of the Realm of Zot.
You worshipped Nemelex Xobeh.
Nemelex Xobeh was exalted by your worship.
You visited 10 branches of the dungeon, and saw 50 of its levels.
You visited 2 bazaars.
You also visited: Gauntlet, Ice Cave and Volcano.

You collected 8629 gold pieces.
You spent 4044 gold pieces at shops.

Inventory:

Hand Weapons
 a - a +6 bardiche of freezing (weapon)
 b - a +3 vorpal longbow
 t - the +4 glaive "Jugroli" {protect, +Fly rPois rC++ MP-9}
   (You took it off a deep elf mage on level 5 of the Vaults)

   It grants its wielder temporary protection when it strikes (+7 to AC).
   It greatly protects you from cold.
   It protects you from poison.
   It affects your magic capacity (-9).
   It lets you fly.
 w - a +9 vorpal glaive
Missiles
 C - 1065 arrows
Armour
 c - the +0 pair of gloves of the Great Game {Str+4}
   (You acquired it on level 5 of the Vaults)

   It affects your strength (+4).
 v - the +0 hat of the Devil's Team (worn) {*Corrode rPois Dex+6}
   (You found it in a Gauntlet)

   It affects your dexterity (+6).
   It protects you from poison.
   It may corrode you when you take damage.
 E - a +10 plate armour of fire resistance (worn)
 R - the cursed +0 cloak of the Past (worn) {Str+4 Int+3 Dex+4}
   (You bought it in a shop on level 2 of the Shoals)

   It affects your strength (+4).
   It affects your intelligence (+3).
   It affects your dexterity (+4).
   It has a curse placed upon it.
 T - a +2 pair of gloves of dexterity (worn)
 X - a +2 pair of boots (worn)
Jewellery
 h - the ring of Bijidgh {rC+ Str+6 SInv}
   (You found it on level 3 of the Elven Halls)

   [ring of strength]

   It affects your strength (+6).
   It protects you from cold.
   It lets you see invisible.
 o - an amulet of regeneration (around neck)
 O - the ring of Ussalux {rElec rF- Will+ Dex+9 SInv}
   (You took it off a deep elf mage on level 3 of the Elven Halls)

   [ring of willpower]

   It affects your dexterity (+9).
   It makes you vulnerable to fire.
   It insulates you from electricity.
   It affects your willpower, your defense against some magical effects.
   It lets you see invisible.
 V - the ring "Afuix" (right hand) {rPois Int+3 Dex+7 SInv}
   (You took it off a deep elf high priest on level 3 of the Elven Halls)

   [ring of poison resistance]

   It affects your intelligence (+3).
   It affects your dexterity (+7).
   It protects you from poison.
   It lets you see invisible.
 W - the ring "Cofyp" (left hand) {Will+ Slay+3}
   (You bought it in a shop in a bazaar)

   [ring of willpower]

   It affects your accuracy and damage with ranged weapons and melee attacks
   (+3).
   It affects your willpower, your defense against some magical effects.
Wands
 k - a wand of flame (62)
 m - a wand of disintegration (43)
 u - a wand of acid (15)
 G - a wand of paralysis (10)
 I - a wand of iceblast (43)
 L - a wand of digging (8)
Scrolls
 f - 32 scrolls of remove curse
 n - 15 scrolls of identify
 q - 13 scrolls of fear
 x - 24 scrolls of teleportation
 z - 4 scrolls of enchant armour
 B - a scroll of holy word
 D - 2 scrolls of magic mapping
 P - 8 scrolls of fog
 Q - 2 scrolls of silence
 S - 2 scrolls of blinking
Potions
 d - 3 potions of might
 g - 3 potions of haste
 l - 3 potions of berserk rage
 p - 5 potions of magic
 s - 2 potions of invisibility
 F - 7 potions of cancellation
 H - 7 potions of brilliance
 J - 4 potions of resistance
 M - 7 potions of flight
 N - 11 potions of ambrosia
 U - 13 potions of curing
Miscellaneous
 e - a lightning rod (4/4)
 r - a tin of tremorstones (2/2)
 y - a phial of floods
 K - a phantom mirror
 Y - a condenser vane


   Skills:
 - Level 20.9 Fighting
 * Level 26.2 Polearms
 - Level 20.0 Bows
 - Level 20.8 Armour
 - Level 19.2 Dodging
 - Level 2.0 Stealth
 - Level 3.6 Shields
 - Level 8.4 Spellcasting
 - Level 5.6 Necromancy
 - Level 5.9 Translocations
 - Level 10.0 Transmutations
 + Level 6.2 Earth Magic
 - Level 14.4 Invocations
 - Level 10.8 Evocations


You had 32 spell levels left.
You knew the following spells:

 Your Spells              Type           Power        Failure   Level
a - Apportation           Tloc           28%          5%          1
b - Blink                 Tloc           N/A          9%          2
c - Wereblood             Tmut           21%          1%          2
d - Swiftness             Air            3%           67%         2
e - Animate Skeleton      Necr           28%          6%          1
f - Passwall              Tmut/Erth      15%          3%          2

Your spell library contained the following spells:

 Spells                   Type           Power        Failure   Level
 Beastly Appendage        Tmut           42%          1%          1
 Sandblast                Erth           30%          4%          1
 Sting                    Tmut/Pois      48%          8%          1
 Sublimation of Blood     Necr           7%           9%          2
 Gell's Gravitas          Tloc           7%           16%         3
 Lesser Beckoning         Tloc           7%           16%         3
 Petrify                  Tmut/Erth      18%          22%         4
 Spider Form              Tmut/Pois      6%           24%         3
 Blade Hands              Tmut           10%          26%         5
 Corpse Rot               Necr/Air       N/A          28%         2
 Ignite Poison            Fire/Tmut/Pois 9%           43%         3
 Stone Arrow              Conj/Erth      18%          45%         3
 Passage of Golubria      Tloc           N/A          47%         4
 Portal Projectile        Hex/Tloc       18%          50%         3
 Corona                   Hex            3%           52%         1
 Foxfire                  Conj/Fire      12%          52%         1
 Freeze                   Ice            12%          52%         1
 Magic Dart               Conj           12%          52%         1
 Shock                    Conj/Air       12%          52%         1
 Summon Small Mammal      Summ           12%          52%         1
 Dispel Undead            Necr           14%          52%         4
 Ice Form                 Ice/Tmut       12%          61%         4
 Call Imp                 Summ           3%           67%         2
 Ensorcelled Hibernation  Hex/Ice        6%           67%         2
 Poisonous Vapours        Pois/Air       6%           67%         2
 Searing Ray              Conj           6%           67%         2
 Slow                     Hex            3%           67%         2
 Lee's Rapid Deconstruct  Erth           7%           78%         5
 Borgnjor's Vile Clutch   Necr/Erth      7%           83%         5
 Hydra Form               Tmut           10%          83%         6
 Leda's Liquefaction      Hex/Erth       4%           86%         4
 Agony                    Necr           14%          86%         5
 Excruciating Wounds      Necr           7%           86%         5
 Call Canine Familiar     Summ           3%           88%         3
 Confusing Touch          Hex            3%           88%         3
 Conjure Flame            Conj/Fire      3%           88%         3
 Dazzling Flash           Conj/Hex       6%           88%         3
 Frozen Ramparts          Ice            6%           88%         3
 Inner Flame              Hex/Fire       3%           88%         3
 Mephitic Cloud           Conj/Pois/Air  3%           88%         3
 Ozocubu's Armour         Ice            3%           88%         3
 Static Discharge         Conj/Air       3%           88%         3
 Tukima's Dance           Hex            3%           88%         3
 Iskenderun's Mystic Bla  Conj/Tloc      9%           88%         4
 Alistair's Intoxication  Tmut/Pois      8%           91%         5
 Irradiate                Conj/Tmut      6%           91%         5
 Yara's Violent Unravell  Hex/Tmut       6%           91%         5
 Statue Form              Tmut/Erth      12%          97%         6
 Airstrike                Air            1%           99%         4
 Cause Fear               Hex            1%           99%         4
 Fulminant Prism          Conj/Hex       1%           99%         4
 Hailstorm                Conj/Ice       3%           99%         4
 Olgreb's Toxic Radiance  Pois           3%           99%         4
 Sticky Flame             Conj/Fire      3%           99%         4
 Summon Ice Beast         Ice/Summ       3%           99%         4
 Summon Lightning Spire   Summ/Air       3%           99%         4
 Summon Forest            Summ/Tloc      4%           99%         5
 Bolt of Magma            Conj/Fire/Erth 3%           100%        5
 Fireball                 Conj/Fire      1%           100%        5
 Iskenderun's Battlesphe  Conj           3%           100%        5
 Lightning Bolt           Conj/Air       1%           100%        5
 Metabolic Englaciation   Hex/Ice        1%           100%        5
 Silence                  Hex/Air        1%           100%        5
 Summon Demon             Summ           1%           100%        5
 Conjure Ball Lightning   Conj/Air       1%           100%        6
 Dispersal                Tloc           7%           100%        6
 Eringya's Noxious Bog    Tmut/Pois      6%           100%        6
 Freezing Cloud           Conj/Ice/Air   1%           100%        6
 Invisibility             Hex            3%           100%        6
 Iron Shot                Conj/Erth      4%           100%        6
 Ozocubu's Refrigeration  Ice            1%           100%        6
 Shadow Creatures         Summ           N/A          100%        6
 Starburst                Conj/Fire      1%           100%        6
 Dragon Form              Tmut           10%          100%        7
 Malign Gateway           Summ/Tloc      4%           100%        7
 Orb of Destruction       Conj           1%           100%        7
 Spellforged Servitor     Conj/Summ      1%           100%        7
 Summon Hydra             Summ           1%           100%        7
 Disjunction              Tloc           7%           100%        8
 Ignition                 Fire           1%           100%        8
 Dragon's Call            Summ           1%           100%        9
 Shatter                  Erth           7%           100%        9
 Tornado                  Air            1%           100%        9


Dungeon Overview and Level Annotations

Branches:
Dungeon (15/15)            Temple (0/1) D:4            Lair (6/6) D:11
 Shoals (4/4) Lair:4       Spider (4/4) Lair:4        Slime (1/5) Lair:5
    Orc (2/2) D:11            Elf (3/3) Orc:2        Vaults (5/5) D:14
  Crypt (0/3) Vaults:3     Depths (5/5) D:15            Zot (5/5) Depths:5
  IceCv (visited)         Volcano (visited)         Gauntlet (visited)

Altars:
Fedhas
Hepliaklqana
Kikubaaqudgha
Nemelex Xobeh
Okawaru
Ru
Trog
Wu Jian
Xom
Zin

Shops:
D:6 ?   D:7 [   Orc:1 }   Orc:2 }([}   Elf:2 :   Elf:3 [   Shoals:2 [
Vaults:1 :[   Vaults:2 (   Vaults:3 =??!

Portals:
Hell: Depths:1 Depths:2 Depths:3 Depths:4 Depths:5
Abyss: Depths:1 Depths:4
Pandemonium: Depths:1 Depths:2 Depths:3
Ziggurat: Depths:4

Annotations:
D:9 exclusion: obsidian statue
Lair:5 exclusion: orange crystal statue


Innate Abilities, Weirdness & Mutations

You reflexively headbutt those who attack you in melee.
You have a pair of horns on your head.
Scrolls take you a little longer to read.
You are clumsy. (Dex -2)
Your flesh is cold resistant. (rC+)
Your body sometimes deteriorates upon taking damage.


Message History

The orb of fire glows bright magenta.
The fireball explodes!
The fireball engulfs the orb of fire.
The orb of fire completely resists.
The fireball engulfs you!! You resist.
* * * LOW HITPOINT WARNING * * *
The fireball engulfs the orb of fire.
The orb of fire completely resists.
Unknown command.
You slash the orb of fire! You freeze the orb of fire.
The orb of fire is severely damaged.
The orb of fire emits a lurid red light.
The fireball explodes!
The fireball engulfs you!! You resist.
* * * LOW HITPOINT WARNING * * *
The fireball engulfs your -1 long sword of freezing!
Your -1 long sword of freezing resists.
The fireball engulfs the orb of fire.
The orb of fire completely resists.
You feel much better.
The orb of fire glows red.
The fireball explodes!
The fireball engulfs the orb of fire.
The orb of fire completely resists.
The fireball engulfs you!! You resist.
You die...
Your body glows with a rainbow of weird colours and disappears.

**,,,,,,,,,**,,,^,,,,,,,,,,,,,,,,
***,,,,,^,***,,,,,,,,^,,,,,,,,,,,
* ********* *,,,,,,^,,,,,,,,,,,,,
* **,,,,,,,,,,,,,,,^,,,
***,,,,,^,,,,,,,,,^,
****,,,,,,,,,,,,,,
#▓▓▓▓▓▓▓▓▓▓▓##.,,,, *
###.(**^...........,, #*
##...@##..........^.,,
.###########...###........(.....,
..............###............(..,
.............## #.......^.......,
^............# #...............,
#...........## #.........?.....,
#[..........# #.........^.....,
#...........## #...............,
.............# ##..............,


You could see 2 orbs of fire and a friendly -1 long sword of freezing
(summoned).

Vanquished Creatures
  2 ancient liches (Zot:5)
  2 orbs of fire
  2 juggernauts
  Sojobo (Vaults:4)
  3 Killer Klowns (Zot:2)
  12 golden dragons
  3 curse toes
  Arachne (Spider:4)
  An electric golem (Zot:2)
  14 tentacled monstrosities
  An Ice Fiend (IceCv)
  8 Orb Guardians (Zot:5)
  3 titans (Vaults:5)
  4 deep elf master archers (Elf:3)
  Asterion (Elf:1)
  2 deep elf blademasters (Elf:3)
  8 quicksilver dragons
  5 liches
  4 sphinxes
  2 krakens
  7 death cobs
  Frances (D:12)
  Gastronok (Lair:3)
  Kirke (Spider:3)
  10 shadow dragons
  16 storm dragons
  2 draconian monks
  8 fire giants
  A fenstrider witch (shapeshifter) (Vaults:5)
  9 tengu reavers
  6 draconian knights
  Ilsuiw (Shoals:2)
  9 deep elf sorcerers
  16 frost giants
  18 vault wardens
  10 draconian scorchers
  2 iron dragons (Vaults:5)
  11 ghost moths
  Aizul (Vaults:4)
  5 deep elf elementalists (Elf:3)
  3 orc warlords
  6 emperor scorpions
  A balrug (Depths:2)
  7 draconian shifters
  9 draconian annihilators
  5 draconian stormcallers
  23 very ugly things
  11 ironheart preservers
  4 vampire knights
  8 green draconians
  A war gargoyle (Vaults:5)
  25 stone giants
  A lorocyproca (Depths:2)
  2 spriggan defenders (Depths:2)
  7 deep elf demonologists
  10 black draconians
  7 deep elf annihilators
  7 entropy weavers
  A minotaur (Gauntlet)
  A bunyip (Vaults:5)
  11 spark wasps
  14 white draconians
  15 yellow draconians
  13 red draconians
  19 ettins
  22 purple draconians
  8 deep elf death magi (Elf:3)
  Snorg (D:12)
  17 yaktaur captains
  7 merfolk impalers
  2 quicksilver dragon zombies
  3 merfolk javelineers
  A crystal guardian (Vaults:5)
  12 fire dragons
  8 deep elf high priests
  7 great orbs of eyes
  27 vault guards
  The ghost of Ceyvaan the Thaumaturge, a journeyman DEFE of Sif Muna (Lair:3)
  3 rakshasas
  A boulder beetle (shapeshifter) (Depths:1)
  8 boulder beetles
  Harold (D:11)
  Fannar (Lair:3)
  2 alligator snapping turtles
  11 centaur warriors
  14 hydras
  16 ice dragons
  3 spriggan air magi
  3 merfolk avatars
  55 two-headed ogres
  An anaconda (Vaults:4)
  2 death yaks
  6 merfolk aquamancers
  3 death knights
  13 ogre magi
  25 dancing weapons
  9 tengu warriors
  A titan zombie (Depths:3)
  A vampire mage (Vaults:3)
  9 deep troll shamans
  2 deep troll earth magi
  3 small abominations (Vaults:5)
  12 deep elf knights
  5 large abominations
  9 spriggan berserkers
  A titan skeleton (Depths:3)
  A sun demon (Depths:3)
  3 hell knights
  A sixfirhy (Depths:3)
  A storm dragon skeleton (Vaults:5)
  2 glowing orange brains
  4 iron trolls
  A golden dragon zombie (Depths:1)
  2 skeletal warriors
  5 flayed ghosts
  5 unseen horrors
  10 sea snakes
  4 wizards
  14 deep trolls
  A shadow demon (Depths:2)
  2 torturous demonspawn
  9 deep elf archers
  38 harpies
  A tengu zombie (D:15)
  19 ironbrand convokers
  14 orc knights
  7 phantasmal warriors
  A lindwurm (Lair:6)
  6 necromancers
  42 ugly things
  49 deep elf magi
  6 orc sorcerers
  A faun (shapeshifter) (Depths:3)
  5 oklob plants
  46 wolf spiders
  9 fauns
  A wolf spider (shapeshifter) (Vaults:5)
  6 cyclopes
  21 orb spiders
  A sphinx skeleton (Depths:3)
  12 manticores
  2 salamanders (shapeshifter)
  A shadow dragon skeleton (Vaults:5)
  5 elephants (Lair:2)
  27 moths of wrath
  5 centaur zombies
  An iron dragon skeleton (D:15)
  4 water nymphs
  An eye of devastation (Orc:1)
  10 merfolk sirens
  8 black mambas
  A black mamba (shapeshifter) (Vaults:5)
  3 ice statues (IceCv)
  A smoke demon (Depths:2)
  A molten gargoyle (Lair:6)
  4 torpor snails
  13 cane toads
  12 vault sentinels
  3 gargoyles
  A yaktaur zombie (D:15)
  An orange demon (Depths:3)
  76 yaktaurs
  A komodo dragon (shapeshifter) (Vaults:1)
  8 rime drakes
  17 komodo dragons
  A spark wasp simulacrum (Depths:4)
  3 minotaur zombies (Gauntlet)
  A yaktaur (shapeshifter) (Depths:2)
  2 elves (Vaults:4)
  15 demonic crawlers
  2 spriggan skeletons
  12 ice devils
  7 freezing wraiths
  31 merfolk
  2 queen bees (shapeshifter)
  2 anaconda simulacra (IceCv)
  2 golden dragon simulacra (IceCv)
  3 tengu conjurers
  9 trolls
  A troll (shapeshifter) (Depths:2)
  6 polar bears
  A jumping spider (shapeshifter) (Depths:2)
  A polar bear (shapeshifter) (Vaults:2)
  2 meliai (D:15)
  A hornet (shapeshifter) (Elf:2)
  A queen bee (Lair:2)
  9 wind drakes
  The ghost of Darold the Ruffian, an amateur DrTm of Okawaru (D:4)
  Prince Ribbit (D:5)
  19 hornets
  2 raiju (shapeshifter)
  21 jumping spiders
  8 slime creatures
  6 snapping turtles
  A spriggan zombie (D:15)
  9 blink frogs
  A fire dragon zombie (Depths:1)
  A slime creature (shapeshifter) (Vaults:5)
  6 dream sheep
  A boulder beetle zombie (Vaults:2)
  3 air elementals
  85 redbacks
  10 wyverns
  3 vampires (Vaults:3)
  7 spriggans
  A human (Vaults:4)
  6 shadows
  2 dire elephant simulacra (IceCv)
  24 water elementals
  35 yaks
  19 tarantellas
  Grum (D:11)
  2 basilisks
  4 hogs (Spider:3)
  2 fire bats (Lair:6)
  2 elf zombies
  5 fire elementals
  4 steam dragons
  4 vampire mosquitoes (D:14)
  2 iron troll simulacra (IceCv)
  3 human simulacra
  A neqoxec (Depths:2)
  A swamp worm (shapeshifter) (Depths:5)
  Menkaure (D:4)
  6 wargs
  A harpy simulacrum (D:14)
  2 acid dragons
  18 water moccasins
  A floating eye (shapeshifter) (Vaults:5)
  12 hell hounds
  2 hydra simulacra (IceCv)
  A floating eye (Depths:4)
  5 ice beasts
  41 orc warriors
  2 sky beasts
  A black bear (shapeshifter) (Depths:1)
  A necrophage (D:12)
  5 phantoms
  2 black bears
  An eye of draining (shapeshifter) (Vaults:1)
  An eye of draining (D:11)
  43 ogres
  31 wolves
  11 centaurs
  7 big kobolds
  3 human zombies
  A wyvern zombie (D:14)
  5 earth elementals
  17 bullfrogs
  A gnoll sergeant (D:11)
  A wyvern skeleton (D:10)
  8 scorpions
  A water moccasin skeleton (D:7)
  4 wights (D:11)
  24 killer bees
  14 electric eels
  2 crimson imps (Depths:2)
  5 howler monkeys
  9 jellies
  10 centaur skeletons
  14 orc priests
  Crazy Yiuf (D:6)
  11 hounds
  An iron imp (Depths:1)
  19 orc wizards
  5 iguanas
  22 worker ants
  A killer bee zombie (D:8)
  A hound zombie (D:10)
  A howler monkey skeleton (D:5)
  9 gnolls
  12 adders
  A shadow imp (D:6)
  3 white imps
  An ufetubus (D:6)
  2 oozes (Lair:5)
  An adder skeleton (D:7)
  A worm (D:3)
  6 dart slugs
  5 leopard geckos
  93 orcs
  A ball python (D:3)
  6 giant cockroaches
  3 goblins
  3 hobgoblins
  7 jackals
  5 quokkas
  8 bats
  5 frilled lizards
  A jackal skeleton (D:4)
  A jackal zombie (D:8)
  11 kobolds
  2 leopard gecko skeletons
  2 quokka skeletons
  4 rats
  12 crawling corpses
  2 tentacles
2317 creatures vanquished.

Vanquished Creatures (collateral kills)
  A tengu reaver (Vaults:5)
  A storm dragon (Vaults:5)
  A merfolk impaler (Shoals:4)
  A merfolk javelineer (Shoals:2)
  A yaktaur captain (Vaults:5)
  An ogre mage (Orc:2)
  2 two-headed ogres (Orc:2)
  A vampire mage (D:15)
  A skeletal warrior (D:15)
  A sea snake (Shoals:4)
  A deep elf mage (Vaults:5)
  An ironbrand convoker (Vaults:5)
  3 orb spiders (Spider:4)
  A wolf spider (Spider:4)
  Maggie (D:8)
  2 yaktaurs (Vaults:5)
  A meliai (D:15)
  A merfolk (Shoals:4)
  3 jumping spiders (Spider:4)
  A dream sheep (Vaults:5)
  An eye of draining (D:10)
  3 ogres (Orc:2)
30 creatures vanquished.

Vanquished Creatures (others)
  A draconian knight (Zot:1)
  A fire giant (Vaults:4)
  A merfolk aquamancer (Shoals:4)
  A two-headed ogre (Vaults:5)
  2 unseen horrors
  An ironbrand convoker (Vaults:4)
  2 deep elf archers (Vaults:4)
  A deep elf mage (Elf:1)
  A harpy (Vaults:5)
  An orb spider (Spider:1)
  A wolf spider (Spider:4)
  A yaktaur (Vaults:4)
  A redback (Spider:4)
  A fire bat (Lair:6)
  An orc wizard (Orc:1)
  A butterfly (Lair:5)
  14 demonic plants (Gauntlet)
  38 fungi
  150 plants
  18 tentacles
  4 withered plants (D:15)
242 creatures vanquished.

Grand Total: 2589 creatures vanquished

Notes
Turn   | Place    | Note
-------+----------+-------------------------------------------
     0 | D:1      | raph the Minotaur Fighter began the quest for the Orb.
     0 | D:1      | Reached XP level 1. HP: 19/19 MP: 0/0
   336 | D:1      | Reached skill level 3 in Polearms
   357 | D:1      | You fall into a shaft and drop 1 floor!
   700 | D:2      | Reached XP level 2. HP: 26/26 MP: 1/1
   766 | D:2      | Reached skill level 4 in Polearms
   835 | D:2      | Reached XP level 3. HP: 30/31 MP: 2/2
   976 | D:2      | Found a sparkling altar of Nemelex Xobeh.
   997 | D:2      | Became a worshipper of Nemelex Xobeh the Trickster
  1212 | D:2      | Found a glowing silver altar of Zin.
  1528 | D:3      | Reached skill level 5 in Polearms
  1678 | D:3      | Reached XP level 4. HP: 39/39 MP: 3/3
  2109 | D:3      | Reached * piety under Nemelex Xobeh
  2122 | D:3      | Found a faded altar of an unknown god.
  2361 | D:3      | Found a sacrificial altar of Ru.
  2732 | D:4      | Reached skill level 6 in Polearms
  2752 | D:3      | Reached XP level 5. HP: 34/45 MP: 4/4
  2836 | D:4      | Noticed a phantom
  2837 | D:4      | Noticed Menkaure
  2861 | D:3      | Killed a phantom
  2862 | D:3      | Reached skill level 7 in Polearms
  3064 | D:4      | Reached XP level 6. HP: 41/51 MP: 3/5
  3133 | D:4      | Reached skill level 8 in Polearms
  3179 | D:4      | Killed Menkaure
  3212 | D:4      | Reached skill level 9 in Polearms
  3420 | D:4      | Reached XP level 7. HP: 55/57 MP: 6/6
  3456 | D:4      | Found a staircase to the Ecumenical Temple.
  3494 | D:4      | Found a transporter.
  3495 | D:4      | Noticed Darold's ghost (amateur DrTm)
  3496 | D:4      | Found a transporter.
  3578 | D:4      | Received a gift from Nemelex Xobeh
  3780 | D:5      | Entered Level 5 of the Dungeon
  3780 | D:5      | Found a shimmering altar of Xom.
  4003 | D:5      | Reached skill level 10 in Polearms
  4482 | D:5      | Noticed Prince Ribbit
  4500 | D:5      | Reached skill level 11 in Polearms
  4753 | D:5      | Reached XP level 8. HP: 41/64 MP: 4/7
  4856 | D:5      | Killed Prince Ribbit
  4968 | D:5      | Reached skill level 12 in Polearms
  5536 | D:6      | Found an ornate altar of the Wu Jian Council.
  5752 | D:6      | Reached skill level 13 in Polearms
  5809 | D:6      | Found a runed translucent door.
  5810 | D:6      | Noticed Crazy Yiuf
  5815 | D:6      | Killed Crazy Yiuf
  5892 | D:6      | Reached ** piety under Nemelex Xobeh
  6100 | D:6      | Reached XP level 9. HP: 62/70 MP: 6/8
  6191 | D:6      | Found Lenont's Magic Scroll Emporium.
  6199 | D:6      | Bought a scroll of enchant weapon for 105 gold pieces
  6199 | D:6      | Bought a scroll of identify for 28 gold pieces
  6199 | D:6      | Bought a scroll of identify for 28 gold pieces
  6217 | D:6      | Bought a scroll of identify for 28 gold pieces
  6217 | D:6      | Bought a scroll of identify for 28 gold pieces
  6217 | D:6      | Bought a scroll of identify for 28 gold pieces
  6217 | D:6      | Bought a scroll of fear for 49 gold pieces
  6532 | D:6      | Reached skill level 14 in Polearms
  7558 | D:7      | Received a gift from Nemelex Xobeh
  7895 | D:7      | Found an ancient bone altar of Kikubaaqudgha.
  7900 | D:7      | Found a blossoming altar of Fedhas.
  8013 | D:7      | Found Dexeorr's Armour Shoppe.
  8021 | D:7      | Bought a cursed +0 pair of gloves for 19 gold pieces
  8097 | D:8      | Got a slimy scale mail
  8108 | D:8      | Identified the +0 scale mail of Beogh's Esteem {Rampage}
                  | (You found it on level 8 of the Dungeon)
  8133 | D:8      | Noticed Maggie
  8139 | D:8      | Noticed an ice devil
  8143 | D:8      | Killed Maggie
  8144 | D:8      | Reached skill level 1 in Dodging
  8603 | D:8      | Reached skill level 5 in Fighting
  8603 | D:8      | Reached skill level 5 in Armour
  8738 | D:8      | Reached skill level 15 in Polearms
  8904 | D:8      | Reached XP level 10. HP: 80/81 MP: 9/9
  8916 | D:8      | Received a gift from Nemelex Xobeh
  9189 | D:9      | Reached *** piety under Nemelex Xobeh
  9238 | D:9      | Found a hazy altar of Hepliaklqana.
  9255 | D:9      | Noticed an obsidian statue
  9261 | D:9      | Learned a level 1 spell: Apportation
  9926 | D:9      | Got a jewelled shortbow
  9930 | D:9      | Noticed a sun demon
 10195 | D:9      | Identified the +6 shortbow "Hekhunubb" {flame, rF- Int+2
                  | Dex+4} (You found it on level 9 of the Dungeon)
 10219 | D:10     | Entered Level 10 of the Dungeon
 10640 | D:10     | Noticed a two-headed ogre
 10646 | D:10     | Killed a two-headed ogre
 10647 | D:10     | Reached skill level 5 in Dodging
 11000 | D:10     | Noticed a three-headed hydra
 11016 | D:10     | Killed a five-headed hydra
 11348 | D:11     | Received a gift from Nemelex Xobeh
 11348 | D:11     | Noticed Harold
 11377 | D:11     | Killed Harold
 11378 | D:11     | Reached XP level 11. HP: 68/94 MP: 6/10
 11534 | D:11     | Noticed Sonja
 11897 | D:10     | HP: 4/94 [poisoned by Sonja]
 11923 | D:10     | Noticed Sonja
 11923 | D:10     | Sonja changed into Sonja the eye of draining
 11925 | D:10     | Killed Sonja the eye of draining
 12279 | D:11     | Noticed an eight-headed hydra
 12282 | D:11     | Noticed an ice dragon
 12282 | D:11     | an eight-headed hydra changed into an ice dragon
 12413 | D:10     | Killed an ice dragon
 12659 | D:11     | Reached skill level 16 in Polearms
 12731 | D:11     | Noticed a two-headed ogre
 12741 | D:11     | Killed a two-headed ogre
 12755 | D:11     | Received a gift from Nemelex Xobeh
 12831 | D:11     | Noticed Grum
 12851 | D:11     | Killed Grum
 13016 | D:11     | Noticed a brown ugly thing
 13023 | D:11     | Killed a brown ugly thing
 13057 | D:11     | Reached **** piety under Nemelex Xobeh
 13084 | D:11     | Noticed an orc knight
 13904 | D:11     | Killed an orc knight
 13905 | D:11     | Reached skill level 1 in Invocations
 14549 | D:11     | Found a staircase to the Lair.
 14825 | D:11     | Found a staircase to the Orcish Mines.
 14972 | D:12     | Noticed Snorg
 14978 | D:12     | Noticed a two-headed ogre
 14984 | D:12     | Killed Snorg
 14985 | D:12     | Reached skill level 1 in Bows
 14986 | D:12     | Killed a two-headed ogre
 15089 | D:12     | Received a gift from Nemelex Xobeh
 15107 | D:12     | Reached XP level 12. HP: 100/105 MP: 12/12
 15114 | D:12     | Found a gate leading to a gauntlet.
 15124 | Gauntlet | Entered a Gauntlet
 15124 | Gauntlet | Found a transporter.
 15127 | Gauntlet | Found a transporter.
 15128 | Gauntlet | Found a transporter.
 15129 | Gauntlet | Found a transporter.
 15132 | Gauntlet | Found a transporter.
 15133 | Gauntlet | Found a transporter.
 15141 | Gauntlet | Noticed a hell hog
 15142 | Gauntlet | Found a transporter.
 15150 | Gauntlet | Found a transporter.
 15206 | Gauntlet | Noticed a death scarab
 15209 | Gauntlet | Found a transporter.
 15211 | Gauntlet | Noticed a death scarab
 15221 | Gauntlet | Found a transporter.
 15225 | Gauntlet | Found a transporter.
 15232 | Gauntlet | Noticed a dire elephant
 15235 | Gauntlet | Found a transporter.
 15247 | Gauntlet | Received a gift from Nemelex Xobeh
 15296 | Gauntlet | Got a twisted hat
 15456 | Gauntlet | Identified the +7 chain mail "Jisumola" {Str+3}
 15456 | Gauntlet | Noticed a minotaur
 15464 | Gauntlet | Killed a minotaur
 15622 | Gauntlet | Identified Sif Muna's Tome of Poisonous Stones
 15756 | D:12     | Noticed a two-headed ogre
 15765 | D:12     | Killed a two-headed ogre
 16084 | D:12     | Identified the +0 hat of the Devil's Team {*Corrode rPois
                  | Dex+6} (You found it in a Gauntlet)
 16143 | D:12     | Received a gift from Nemelex Xobeh
 16144 | D:12     | Reached ***** piety under Nemelex Xobeh
 16193 | D:12     | Noticed a five-headed hydra
 16199 | D:12     | Killed a five-headed hydra
 16200 | D:12     | Reached skill level 17 in Polearms
 16263 | D:12     | Noticed a four-headed hydra
 16264 | D:12     | Noticed Frances
 16292 | D:12     | Killed Frances
 16293 | D:12     | Reached skill level 10 in Fighting
 16293 | D:12     | Reached skill level 10 in Armour
 16295 | D:12     | Killed a four-headed hydra
 16296 | D:12     | Reached skill level 5 in Bows
 16908 | D:12     | Noticed a two-headed ogre
 16919 | D:12     | Killed a two-headed ogre
 17257 | Lair:1   | Entered Level 1 of the Lair of Beasts
 17257 | Lair:1   | Received a gift from Nemelex Xobeh
 17259 | Lair:1   | Noticed a seven-headed hydra
 17272 | Lair:1   | Killed a seven-headed hydra
 17706 | Lair:1   | Received a gift from Nemelex Xobeh
 18168 | Lair:1   | Noticed an eight-headed hydra
 18176 | Lair:1   | Killed an eight-headed hydra
 18264 | Lair:2   | Received a gift from Nemelex Xobeh
 18274 | Lair:2   | Reached XP level 13. HP: 101/114 MP: 15/15
 18496 | Lair:2   | Found a dark tunnel.
 18505 | Volcano  | Entered a volcano
 19247 | Lair:2   | You fall into a shaft and drop 1 floor!
 19480 | Lair:2   | Received a gift from Nemelex Xobeh
 19925 | Lair:3   | Reached skill level 5 in Invocations
 19939 | Lair:3   | Reached skill level 18 in Polearms
 19994 | Lair:3   | Noticed Gastronok
 20011 | Lair:3   | Killed Gastronok
 20438 | Lair:3   | Noticed Fannar
 20452 | Lair:3   | Killed Fannar
 20539 | Lair:3   | Found a runed translucent gate.
 20539 | Lair:3   | Found a runed translucent gate.
 20539 | Lair:3   | Found a runed translucent gate.
 20539 | Lair:3   | Noticed Ceyvaan's ghost (journeyman DEFE)
 21144 | Lair:4   | Found a hole to the Spider Nest.
 21429 | Lair:4   | Received a gift from Nemelex Xobeh
 21501 | Lair:4   | Reached XP level 14. HP: 117/124 MP: 17/17
 21673 | Lair:4   | Found a staircase to the Shoals.
 21751 | Lair:4   | Reached skill level 10 in Bows
 21751 | Lair:4   | Reached XP level 15. HP: 130/130 MP: 18/18
 21965 | Lair:4   | Reached skill level 19 in Polearms
 22185 | Lair:4   | Reached skill level 10 in Dodging
 22601 | Lair:5   | Found a staircase to the Slime Pits.
 23839 | Lair:6   | Entered Level 6 of the Lair of Beasts
 24306 | Slime:1  | Entered Level 1 of the Pits of Slime
 24306 | Slime:1  | Noticed an acid blob
 24306 | Slime:1  | Noticed an acid blob
 24779 | Lair:6   | Received a gift from Nemelex Xobeh
 25712 | Lair:6   | Received a gift from Nemelex Xobeh
 26393 | Orc:1    | Entered Level 1 of the Orcish Mines
 26513 | Orc:1    | Found Ijiurogg's Gadget Boutique.
 26521 | Orc:1    | Bought a condenser vane for 480 gold pieces
 26603 | Orc:1    | Found a bloodstained altar of Trog.
 26633 | Orc:1    | Noticed an orc warlord
 26649 | Orc:1    | an orc warlord changed into an alligator snapping turtle
 26674 | Orc:1    | Noticed an orc warlord
 26691 | Orc:1    | Killed an orc warlord
 27583 | Orc:2    | Entered Level 2 of the Orcish Mines
 27607 | Orc:2    | Received a gift from Nemelex Xobeh
 27616 | Orc:2    | Found a staircase to the Elven Halls.
 27847 | Orc:2    | Reached skill level 1 in Evocations
 27878 | Orc:2    | Paralysed by an ogre mage for 7 turns
 27900 | Orc:2    | Reached XP level 16. HP: 139/139 MP: 20/20
 28189 | Orc:2    | Reached skill level 20 in Polearms
 28285 | Orc:2    | Found Epitabb's Gadget Shoppe.
 28285 | Orc:2    | Found Aklecaaw's Antique Armour Boutique.
 28285 | Orc:2    | Found Suxzes's Antique Weapon Boutique.
 28285 | Orc:2    | Found Kyittuly's Gadget Emporium.
 28297 | Orc:2    | Bought a glowing glaive for 285 gold pieces
 28901 | D:13     | Received a gift from Nemelex Xobeh
 29435 | D:13     | Noticed a tengu reaver
 29447 | D:13     | Killed a tengu reaver
 30718 | D:14     | Received a gift from Nemelex Xobeh
 30850 | D:14     | Found a blossoming altar of Fedhas.
 31000 | D:14     | Got a pair of bloodstained boots
 31011 | D:14     | Identified the +0 pair of boots of Midwinter {rN+ Will+
                  | Slay-2} (You found it on level 14 of the Dungeon)
 31243 | D:14     | Found a gate to the Vaults.
 31348 | D:14     | Reached ****** piety under Nemelex Xobeh
 31670 | D:14     | Received a gift from Nemelex Xobeh
 32239 | D:15     | Entered Level 15 of the Dungeon
 32324 | D:15     | Found an iron altar of Okawaru.
 33074 | D:15     | Found a staircase to the Depths.
 33901 | D:15     | Found a gateway to a bazaar.
 34064 | Bazaar   | Entered a bazaar
 34064 | Bazaar   | Found Fanop's Weapon Emporium.
 34072 | Bazaar   | Found Gapsyh Cakhu's Jewellery Emporium.
 34078 | Bazaar   | Found Tysazeza's Book Shoppe.
 34110 | Bazaar   | Found Leduq's Assorted Antiques.
 34118 | Bazaar   | Bought a scroll of enchant armour for 202 gold pieces
 34118 | Bazaar   | Bought a paperback book for 405 gold pieces
 34118 | Bazaar   | Found Ynu Sosh's Magic Scroll Boutique.
 34127 | Bazaar   | Bought a scroll of identify for 18 gold pieces
 34127 | Bazaar   | Bought a scroll of holy word for 67 gold pieces
 34166 | Bazaar   | Bought Sif Muna's Grimoire of Supportive Shape Shifting for
                  | 468 gold pieces
 34196 | D:15     | Learned a level 2 spell: Blink
 34199 | D:15     | Learned a level 2 spell: Wereblood
 34420 | Shoals:1 | Entered Level 1 of the Shoals
 34547 | Shoals:1 | Received a gift from Nemelex Xobeh
 34588 | Shoals:1 | Reached XP level 17. HP: 150/150 MP: 22/22
 34953 | Shoals:1 | Received a gift from Nemelex Xobeh
 35175 | Shoals:1 | Reached skill level 1 in Translocations
 35178 | Shoals:1 | Reached skill level 1 in Transmutations
 35547 | Shoals:2 | Reached skill level 1 in Spellcasting
 35792 | Shoals:2 | Received a gift from Nemelex Xobeh
 36184 | Shoals:2 | Found Syohimn's Antique Armour Boutique.
 36189 | Shoals:2 | Noticed a kraken
 36221 | Shoals:2 | Killed a kraken
 36233 | Shoals:2 | Bought a masterwork cloak for 351 gold pieces
 36243 | Shoals:2 | Identified the cursed +0 cloak of the Past {Str+4 Int+3
                  | Dex+4} (You bought it in a shop on level 2 of the Shoals)
 36343 | Shoals:2 | Noticed Ilsuiw
 36660 | Shoals:2 | Killed Ilsuiw
 37585 | Shoals:3 | Received a gift from Nemelex Xobeh
 37904 | Shoals:3 | Noticed a kraken
 37924 | Shoals:3 | Killed a kraken
 38480 | Shoals:4 | Entered Level 4 of the Shoals
 39722 | Shoals:4 | Reached XP level 18. HP: 154/160 MP: 17/24
 40650 | Shoals:4 | Received a gift from Nemelex Xobeh
 40687 | Shoals:4 | Got a barnacled rune of Zot
 40874 | Shoals:4 | Reached skill level 10 in Invocations
 41300 | D:4      | Killed Darold's ghost
 41833 | Lair:3   | Killed Ceyvaan's ghost
 42121 | Spider:1 | Entered Level 1 of the Spider Nest
 43747 | Spider:2 | Learned a level 2 spell: Swiftness
 43760 | Spider:2 | Received a gift from Nemelex Xobeh
 44834 | Spider:2 | Received a gift from Nemelex Xobeh
 45118 | Spider:2 | Got a transparent plate armour
 45129 | Spider:2 | Identified the +1 plate armour of the Marlin {rC+ Str+2}
                  | (You found it on level 2 of the Spider Nest)
 45631 | Spider:1 | Reached skill level 5 in Transmutations
 46027 | Spider:3 | Noticed Kirke
 46035 | Spider:3 | Killed Kirke
 46126 | Spider:3 | Received a gift from Nemelex Xobeh
 46343 | Spider:4 | Entered Level 4 of the Spider Nest
 46403 | Spider:4 | Reached skill level 15 in Fighting
 46703 | Spider:4 | Reached XP level 19. HP: 170/170 MP: 24/26
 46759 | Spider:4 | Identified the +0 hand axe of Demito {pain, rF+}
 46766 | Spider:4 | Reached skill level 15 in Armour
 47063 | Spider:4 | Received a gift from Nemelex Xobeh
 47240 | Spider:4 | Reached skill level 5 in Translocations
 47933 | Spider:4 | Got a gossamer rune of Zot
 48102 | Spider:4 | Noticed Arachne
 48125 | Spider:4 | Killed Arachne
 49264 | Vaults:1 | Entered Level 1 of the Vaults
 49293 | Vaults:1 | Found Hutaiduc's Book Shoppe.
 49873 | Vaults:1 | Reached skill level 5 in Spellcasting
 50246 | Vaults:1 | Found Gocsiull's Armour Shop.
 50951 | Vaults:1 | Received a gift from Nemelex Xobeh
 51986 | Vaults:2 | Found Zoah's Antique Weapon Emporium.
 52017 | Vaults:2 | Reached XP level 20. HP: 143/180 MP: 27/27
 52874 | Vaults:2 | Received a gift from Nemelex Xobeh
 53597 | Vaults:2 | Received a gift from Nemelex Xobeh
 54120 | Vaults:3 | Found Eliu's Magic Scroll Emporium.
 54127 | Vaults:3 | Bought 2 scrolls of enchant weapon for 225 gold pieces
 54127 | Vaults:3 | Bought 2 scrolls of enchant armour for 225 gold pieces
 54154 | Vaults:3 | Found Ewiomn's Distillery.
 54238 | Vaults:3 | Bought 3 potions of heal wounds for 210 gold pieces
 54238 | Vaults:3 | Bought a potion of haste for 140 gold pieces
 54238 | Vaults:3 | Bought a potion of might for 56 gold pieces
 54238 | Vaults:3 | Bought a potion of might for 56 gold pieces
 54853 | Vaults:3 | Received a gift from Nemelex Xobeh
 55243 | Vaults:3 | Found Qutsut's Jewellery Emporium.
 55251 | Vaults:3 | Found Zelinoaq's Magic Scroll Boutique.
 55259 | Vaults:3 | Bought a scroll of teleportation for 45 gold pieces
 55259 | Vaults:3 | Bought a scroll of fear for 52 gold pieces
 55974 | Vaults:3 | Reached skill level 15 in Dodging
 55999 | Vaults:3 | Received a gift from Nemelex Xobeh
 56086 | Vaults:3 | Found a staircase to the Crypt.
 56769 | Vaults:4 | Reached XP level 21. HP: 185/189 MP: 29/29
 56790 | Vaults:4 | Received a gift from Nemelex Xobeh
 56800 | Vaults:4 | Found a flickering gateway to a bazaar.
 56805 | Bazaar   | Entered a bazaar
 56805 | Bazaar   | Found Qobbacwopn's Gadget Shop.
 56805 | Bazaar   | Found Deytal's Jewellery Shop.
 56805 | Bazaar   | Found Bylo's Antique Armour Shoppe.
 56954 | Bazaar   | Found Cesom's Weapon Shoppe.
 56954 | Bazaar   | Found Herchivoe's Jewellery Boutique.
 57004 | Bazaar   | Bought the ring "Cofyp" {Will+ Slay+3} for 446 gold pieces
 57433 | Vaults:4 | Noticed Sojobo
 57881 | Vaults:4 | Received a gift from Nemelex Xobeh
 57958 | Vaults:4 | Noticed Aizul
 57968 | Vaults:4 | Killed Aizul
 59199 | Vaults:4 | Killed Sojobo
 60406 | Elf:1    | Entered Level 1 of the Elven Halls
 60657 | Elf:1    | Identified the Compendium of the Entourage
 60742 | Elf:1    | Received a gift from Nemelex Xobeh
 60753 | Elf:1    | Reached skill level 21 in Polearms
 61218 | Elf:1    | Received a gift from Nemelex Xobeh
 61414 | Elf:1    | Noticed Asterion
 61426 | Elf:1    | Killed Asterion
 61568 | Elf:1    | Received a gift from Nemelex Xobeh
 61732 | Elf:2    | Found Nialicum's Book Emporium.
 62280 | Elf:2    | Found a runed translucent gate.
 62280 | Elf:2    | Found a runed translucent gate.
 62286 | Elf:2    | Found a runed translucent gate.
 62510 | Elf:2    | Received a gift from Nemelex Xobeh
 63669 | Depths:1 | Entered Level 1 of the Depths
 63687 | Depths:1 | Found a gateway to Hell.
 63761 | Depths:1 | Received a gift from Nemelex Xobeh
 63948 | Depths:1 | Reached XP level 22. HP: 92/200 MP: 32/32
 64241 | Depths:1 | Identified a scroll of acquirement
 64242 | Depths:1 | Acquired 765 gold pieces
 64269 | Depths:1 | Found a one-way gate leading to the halls of Pandemonium.
 64285 | Depths:1 | Received a gift from Nemelex Xobeh
 64881 | Depths:1 | Found a one-way gate to the infinite horrors of the Abyss.
 64905 | Depths:1 | Received a gift from Nemelex Xobeh
 65760 | Depths:2 | Received a gift from Nemelex Xobeh
 66084 | Depths:2 | Identified the cursed +1 leather armour of the Lumpy Places
                  | {rPois Slay+2}
 66718 | Depths:2 | Identified the Incunabulum of Ashen Changing
 68010 | Depths:3 | Identified the +1 long sword "Tivizxed" {flame, Dex+4 SInv}
 68689 | Depths:3 | Noticed a juggernaut
 68698 | Depths:3 | Killed a juggernaut
 69046 | Depths:3 | Reached skill level 10 in Transmutations
 69108 | Depths:2 | Reached XP level 23. HP: 157/209 MP: 13/34
 69456 | Depths:3 | Received a gift from Nemelex Xobeh
 70538 | Depths:4 | Reached skill level 22 in Polearms
 70538 | Depths:4 | Reached skill level 5 in Evocations
 70860 | Depths:4 | Received a gift from Nemelex Xobeh
 70932 | Depths:4 | Found a gateway to a ziggurat.
 71122 | Depths:4 | Received a gift from Nemelex Xobeh
 71767 | Depths:4 | Reached XP level 24. HP: 206/218 MP: 34/34
 72141 | Depths:4 | Noticed a juggernaut
 72152 | Depths:4 | Killed a juggernaut
 72269 | Depths:4 | Paralysed by a lich for 6 turns
 72754 | Depths:5 | Entered Level 5 of the Depths
 73557 | Depths:5 | Received a gift from Nemelex Xobeh
 73916 | Depths:5 | Found a gate to the Realm of Zot.
 74329 | Depths:5 | Reached XP level 25. HP: 206/227 MP: 34/34
 74844 | Elf:3    | Entered Level 3 of the Elven Halls
 74851 | Elf:3    | Found Onlobag's Armour Boutique.
 74943 | Elf:3    | Found a frozen archway.
 74948 | IceCv    | Entered an ice cave
 74950 | IceCv    | Received a gift from Nemelex Xobeh
 76256 | IceCv    | Got a bronze leather armour
 76267 | IceCv    | Identified the +1 leather armour of Subjectivity {SInv}
                  | (You found it in an ice cave)
 76866 | Elf:3    | Received a gift from Nemelex Xobeh
 77805 | Elf:3    | Reached skill level 23 in Polearms
 77819 | Elf:3    | Identified the +3 leather armour of Kafaer {rElec rPois
                  | Will+ Str-5}
 77819 | Elf:3    | Identified the ring of Ussalux {rElec rF- Will+ Dex+9 SInv}
 77899 | Elf:3    | Reached skill level 15 in Bows
 77976 | Elf:3    | Identified the +2 quarterstaff "Qidy" {flame, rN+ Int+4}
 77976 | Elf:3    | Identified the ring "Afuix" {rPois Int+3 Dex+7 SInv}
 78185 | Elf:3    | Identified the ring of Hulomait {Str+2 Stlth+}
 78235 | Elf:3    | Identified the +9 whip of Joura {holy, *Contam *Slow +Fly
                  | rElec}
 78448 | Elf:3    | Got a bound granite ring
 78449 | Elf:3    | Identified the cursed ring "Ziuq" {Will+ Str+4 Int-2 Dex-4}
                  | (You found it on level 3 of the Elven Halls)
 78470 | Elf:3    | Identified the ring of Bijidgh {rC+ Str+6 SInv} (You found
                  | it on level 3 of the Elven Halls)
 78490 | Elf:3    | Identified the Reference Book on Summoning
 78494 | Elf:3    | Identified the ring of Fatigue {rElec rC- rCorr Str+2} (You
                  | found it on level 3 of the Elven Halls)
 78502 | Elf:3    | Identified the amulet "Keipt" {Spirit rC- Int+4 Dex-5
                  | Slay+6} (You found it on level 3 of the Elven Halls)
 79317 | Vaults:5 | Entered Level 5 of the Vaults
 79427 | Vaults:5 | Reached XP level 26. HP: 156/238 MP: 26/34
 79562 | Vaults:5 | Paralysed by a floating eye for 3 turns
 79983 | Vaults:5 | Identified the +5 chain mail "Teoxumen" {Rampage rPois rF-
                  | Stlth+}
 80011 | Vaults:5 | Learned a level 1 spell: Animate Skeleton
 80338 | Vaults:5 | Reached skill level 1 in Necromancy
 80373 | Vaults:5 | Identified the +4 glaive "Jugroli" {protect, +Fly rPois
                  | rC++ MP-9}
 81031 | Vaults:5 | Identified the Handbook of Arcane Weapons and the Arsonist
 81323 | Vaults:5 | Acquired the +0 pair of gloves of the Great Game {Str+4}
 81684 | Vaults:5 | Identified the Compendium of Cold and Contamination
 81687 | Vaults:5 | Got a silver rune of Zot
 82258 | Zot:1    | Entered Level 1 of the Realm of Zot
 82381 | Zot:1    | Received a gift from Nemelex Xobeh
 82437 | Zot:1    | Reached skill level 10 in Evocations
 83354 | Zot:1    | Received a gift from Nemelex Xobeh
 84447 | Zot:1    | Learned a level 2 spell: Passwall
 84488 | Zot:2    | Received a gift from Nemelex Xobeh
 85332 | Zot:2    | Reached XP level 27. HP: 248/248 MP: 34/34
 86986 | Zot:2    | Reached skill level 5 in Necromancy
 87342 | Zot:2    | Reached skill level 24 in Polearms
 88992 | Zot:3    | Received a gift from Nemelex Xobeh
 89080 | Zot:3    | Noticed an orb of fire
 89081 | Zot:3    | Gained mutation: Your flesh is cold resistant. (rC+) [an
                  | orb of fire]
 89089 | Zot:3    | Gained mutation: You tend to lose your temper in combat.
                  | [an orb of fire]
 89098 | Zot:3    | Gained mutation: Scrolls take you a little longer to read.
                  | [an orb of fire]
 89100 | Zot:3    | Killed an orb of fire
 89785 | Zot:3    | Reached skill level 1 in Earth Magic
 89842 | Zot:3    | Received a gift from Nemelex Xobeh
 90127 | Zot:3    | Identified the +6 halberd of the Crushed Mystics
                  | {antimagic, rElec rC+ Will+} (You found it on level 3 of
                  | the Realm of Zot)
 91564 | Zot:4    | Reached skill level 25 in Polearms
 92182 | Zot:4    | Received a gift from Nemelex Xobeh
 93164 | Zot:5    | Entered Level 5 of the Realm of Zot
 94019 | Zot:5    | Reached skill level 5 in Earth Magic
 94113 | Zot:5    | Noticed an ancient lich
 94129 | Zot:5    | Killed an ancient lich
 94192 | Zot:5    | Noticed an ancient lich
 94210 | Zot:5    | Killed an ancient lich
 94211 | Zot:5    | Reached skill level 26 in Polearms
 94472 | Zot:5    | Noticed an orb of fire
 94480 | Zot:5    | Lost mutation: You tend to lose your temper in combat. [an
                  | orb of fire]
 94481 | Zot:5    | Gained mutation: You are clumsy. (Dex -2) [an orb of fire]
 94482 | Zot:5    | Killed an orb of fire
 94488 | Zot:5    | Noticed an orb of fire
 94488 | Zot:5    | Gained mutation: Your body sometimes deteriorates upon
                  | taking damage. [an orb of fire]
 94490 | Zot:5    | Noticed an orb of fire
 94499 | Zot:5    | HP: 10/249 [orb of fire/fireball (22)]
 94500 | Zot:5    | Killed from afar by an orb of fire

Illustrated notes

Levels and vault maps discovered:
D:1:      mainiacjoe_arrival_reflecting_pool, layout_loops_ring,
          grunt_decor_mini_mirrors
D:2:      layout_loops_ring, lemuel_crystal_altar,
          nemelex_xobeh_ov_fountains_minmay, item_on_display_a
D:3:      minmay_skewed_foursquare, layout_basic, lemuel_coloured_pillars_altar,
          chequers_ecumenical_altar_simple_redux
D:4:      layout_rooms, minmay_temple_entry_tees, gammafunk_ghost_arena,
          uniq_menkaure
D:5:      kb_forest_paths, layout_basic, xom_confusion_cloud,
          uniq_prince_ribbit1
D:6:      cheibrodos_helix_gallery, layout_rooms, kennysheep_little_box,
          serial_shops, shop_coins, hangedman_decor_peaks_small,
          uniq_crazy_yiuf_cottage
D:7:      layout_rooms, grunt_temple_overflow_growth_and_decay, serial_shops,
          nicolae_shop_window_shopping
D:8:      layout_loops_cross, feat_on_display, uniq_maggie
D:9:      layout_loops_ring, kennysheep_mini_moat, minmay_protected_statue
D:10:     layout_small_grid, hangedman_ranch [blue_anna_fruit_fields]
D:11:     layout_small_grid, erik_lair_island, erik_orc_2, uniq_harold,
          uniq_grum, uniq_sonja
D:12:     layout_loops_ring, gauntlet_entry_generic, serial_aquarium,
          aquarium_bridge_island_small [aquarium_subvault_small_water,
          aquarium_subvault_balcony, aquarium_subvault_bridge,
          aquarium_subvault_bridge, aquarium_subvault_bridge],
          aquarium_bridge_straight [aquarium_subvault_bridge,
          aquarium_subvault_window, aquarium_subvault_bridge,
          aquarium_subvault_wall], aquarium_window_fake, aquarium_window_fake,
          aquarium_view_2d, aquarium_view_2f, aquarium_pool_2, uniq_frances,
          uniq_snorg
D:13:     minmay_sliced_demisemicircle, layout_basic, minmay_misc_feat_plants
D:14:     layout_layer_cave, skrybe_vaults_entry_preservation, fedhas_altar_2
D:15:     gammafunk_depths_entry_grave, layout_rooms, serial_shops,
          bzr_entry_road, okawaru_ov_weapons_minmay, hangedman_glass_teeth
Lair:1:   layout_regular_city
Lair:2:   layout_long_grid, special_room [special_room_bee],
          nicolae_volcano_entry_two_sided, infiniplex_staircase_pool_2
Lair:3:   layout_roguey, ebering_ghost_rock_garden, uniq_fannar, uniq_gastronok
Lair:4:   layout_concentric_octagons, minmay_shoals_entry_beasts,
          spider_nest_entry_webs, minmay_shattered_shrine
Lair:5:   statuecave_lemuel, layout_cave_pods, nicolae_slime_entry_slimehenge,
          minmay_lair_oklob_chamber, lemuel_fruit_fields, lemuel_fruit_tree
Lair:6:   gammafunk_lair_ancient_temple, layout_gridlike, zaba_anthole
Shoals:1: layout_shoals
Shoals:2: layout_shoals, serial_shops, shop, uniq_ilsuiw
Shoals:3: layout_shoals
Shoals:4: shoals_end_hangedman, layout_shoals, nicolae_shoals_drake_roost
Spider:1: layout_spider_delve
Spider:2: layout_spider_delve
Spider:3: layout_spider_delve, uniq_kirke
Spider:4: grunt_spider_rune_island, spiders_nest_the_unseen, uniq_arachne
Slime:1:  layout_caves, basic_altar
Orc:1:    layout_diamond_mine, serial_shops, nicolae_shop_statue_plus,
          basic_altar, enter_bailey_2
Orc:2:    st_orc_ogre_mass, layout_caves
Elf:1:    layout_geoelf_octagon, minmay_elf_demonology, nrook_mini_backslash,
          minivault_26, st_stairs_2, uniq_asterion
Elf:2:    layout_geoelf_grid, serial_shops, shop, nicolae_wwwww
Elf:3:    minmay_elf_hall_four_x, layout_geoelf_castle, serial_shops, shop,
          portal_ice_cave_entry_pillars_2, grunt_ministairs_8,
          serial_sigils_hangedman_scar, drop_trap
Vaults:1: vaults_room_grunt_arrival_checkpoint, v_rooms_6,
          vaults_mumra_minichess_inversion, nicolae_vaults_little_squares_3,
          vaults_room_door_hall, vaults_dpeg_spiral, dpeg_vaults_monster_box,
          ontoclasm_vaults_eye, ontoclasm_vaults_ring_large,
          nicolae_vaults_hallways_thing, ontoclasm_vaults_pinch,
          vaults_room_stairs_pillars, layout_vaults_ring, serial_shops, shop
Vaults:2: v_alt_pattern_3, hangedman_vaults_nodes, vaults_room_door_ring,
          nicolae_vaults_alarming, v_pattern_4, v_misc_18,
          ontoclasm_vaults_bender, nicolae_vaults_little_squares_3,
          dpeg_vaults_waves, nicolae_vaults_angled_halls, vaults_room_corners,
          vaults_dpeg_encased_lava, v_misc_11, layout_vaults_maze_snakey,
          serial_shops, shop
Vaults:3: v_misc_12, minmay_crypt_entry_vampire_xt, ontoclasm_vaults_misaligned,
          nicolae_vaults_ninety_degrees, vaults_room_boxed,
          ontoclasm_vaults_chip, v_alt_pattern_5, ontoclasm_vaults_ring_large,
          ontoclasm_vaults_shuriken, v_alt_pattern_1, layout_vaults_omnicross,
          serial_shops, shop, shop, nicolae_shop_statue_plus, shop_coins
Vaults:4: v_pattern_3, vaults_room_fours, ontoclasm_vaults_decontamination,
          ontoclasm_vaults_fault, nicolae_vaults_network_periphery,
          nicolae_vaults_holding_cells, nicolae_vaults_mini_display_case,
          layout_vaults_omnigrid, serial_shops, freezing_bzr, uniq_aizul,
          uniq_sojobo
Vaults:5
Depths:1: layout_long_grid, rand_demon_pan_entry_5, abyss_entry,
          pf_hell_entry_tar_spiral, minmay_misc_feat_roman, minmay_librarian,
          serial_bayou_shore_a
Depths:2: minmay_nine_rooms, layout_basic, nicolae_benzene_ring, hellmouth_1,
          rand_demon_pan_entry_3
Depths:3: grunt_crosshair, layout_basic, marbit_kobold_abyss_entry, hell_entry,
          hex_medium, rand_demon_pan_entry_7, minmay_misc_feat_nine_boxes
Depths:4: minmay_concentric_multi, layout_basic, enter_ziggurat_a, hell_entry,
          abyss_entry, serial_glass, glass_columns_b, glass_columns_b,
          glass_columns_b, glass_columns_a, glass_columns_a, glass_columns_b,
          due_unseen_surprise, feat_on_display, item_on_display_a,
          item_on_display_a
Depths:5: grunt_zot_entry_gee_three, layout_cave_pools, grunt_decor_clamped,
          grunt_hell_horde
Zot:1:    layout_misc_corridors
Zot:2:    cheibrodos_zot_enchanting_chambers, layout_onion_interference,
          hangedman_zot_wheel_spokes
Zot:3:    layout_onion_interference
Zot:4:    layout_misc_corridors
Zot:5:    layout_basic

Skill      XL: |  1  2  3  4  5  6  7  8  9 10 11 12 13 14 15 16 17 18 19 20 21 22 23 24 25 26 27 |
---------------+----------------------------------------------------------------------------------+-----
Polearms       | 3 4 5 6 7 9 11 13 15 16 17 18 19 20 21 22 23 26 | 26.2
Fighting       | 5 7 9 10 11 12 13 14 15 16 17 18 19 20 | 20.9
Armour         | 5 7 9 10 11 12 13 14 15 16 17 18 19 20 | 20.8
Dodging        | 3 6 7 8 9 10 11 12 13 14 15 16 17 18 19 | 19.2
Invocations    | 2 4 5 7 8 9 10 11 12 13 14 | 14.4
Bows           | 2 6 8 10 11 13 14 16 17 20 | 20.0
Evocations     | 1 4 6 7 9 10 | 10.8
Translocations | 3 4 5 |  5.9
Transmutations | 3 5 6 8 9 10 | 10.0
Spellcasting   | 2 4 5 6 7 8 |  8.4
Stealth        | 2 |  2.0
Necromancy     | 4 5 |  5.6
Earth Magic    | 6 |  6.2
Shields        | |  3.6

Action                   |  1- 3 |  4- 6 |  7- 9 | 10-12 | 13-15 | 16-18 | 19-21 | 22-24 | 25-27 || total
-------------------------+-------+-------+-------+-------+-------+-------+-------+-------+-------++-------
Melee: Trident           |   105 |   103 |       |    25 |       |       |       |       |       ||   233
       Headbutt          |     9 |    17 |    75 |   117 |   214 |   282 |   334 |   233 |   388 ||  1669
       Glaive            |       |     9 |   292 |   398 |   622 |  1068 |  1050 |   762 |   851 ||  5052
       Halberd           |       |       |       |       |    58 |       |       |       |       ||    58
       Shortbow          |       |       |       |       |       |     1 |       |       |       ||     1
       Bardiche          |       |       |       |       |       |       |    76 |       |   515 ||   591
       Unarmed           |       |       |       |       |       |       |       |       |     5 ||     5
 Fire: Shortbow          |       |       |     9 |   134 |   146 |   625 |   660 |   352 |    25 ||  1951
       Longbow           |       |       |    18 |    36 |       |       |       |    23 |   325 ||   402
Throw: Dart              |       |     2 |     2 |       |       |       |       |       |       ||     4
 Cast: Apportation       |       |       |       |       |       |    12 |       |    14 |       ||    26
       Wereblood         |       |       |       |       |       |     6 |    13 |     4 |     4 ||    27
       Blink             |       |       |       |       |       |     1 |     2 |     1 |     8 ||    12
       Animate Skeleton  |       |       |       |       |       |       |       |       |     3 ||     3
       Passwall          |       |       |       |       |       |       |       |       |     1 ||     1
Invok: Draw Destruction  |       |       |     3 |    12 |     3 |     8 |     5 |     2 |     3 ||    36
       Draw Summoning    |       |       |     1 |     4 |     5 |     9 |     8 |     4 |     9 ||    40
       Draw Escape       |       |       |       |       |       |     2 |       |       |       ||     2
       Deal Four         |       |       |       |       |       |     1 |       |       |     5 ||     6
       Stack Five        |       |       |       |       |       |     1 |       |       |       ||     1
       Draw Stack        |       |       |       |       |       |       |     1 |     1 |       ||     2
Evoke: Wand              |       |     2 |     2 |     2 |     5 |     1 |     2 |       |     5 ||    19
       Condenser vane    |       |       |       |       |       |     1 |       |       |     2 ||     3
       Phantom mirror    |       |       |       |       |       |     1 |       |       |       ||     1
       Lightning rod     |       |       |       |       |       |       |       |       |     2 ||     2
       Phial of floods   |       |       |       |       |       |       |       |       |     1 ||     1
  Use: Scroll            |       |    10 |    12 |     7 |    12 |    17 |    15 |     6 |    27 ||   106
       Potion            |       |       |       |     4 |     1 |     2 |     6 |     4 |    28 ||    45
 Stab: Distracted        |       |       |     2 |       |       |     2 |     1 |     1 |     6 ||    12
       Invisible         |       |       |       |       |       |     4 |       |       |       ||     4
       Confused          |       |       |       |       |       |       |       |       |     2 ||     2
Armor: Scale mail        |     8 |       |       |       |       |       |       |       |       ||     8
       Chain mail        |    35 |    46 |    77 |    43 |   171 |   397 |   108 |       |       ||   877
       Plate armour      |       |       |    37 |   196 |       |       |   206 |   190 |   419 ||  1048
Dodge: Dodged            |    24 |    23 |   147 |   327 |   532 |  1025 |   782 |   434 |  1155 ||  4449
Block: Kite shield       |    34 |    40 |       |       |       |       |       |       |       ||    74
       Other             |       |       |       |       |    97 |   202 |   169 |    97 |    99 ||   664
       Reflection        |       |       |       |       |     2 |    14 |    31 |    21 |    20 ||    88
